 Dungeon Crawl Stone Soup version 0.30.0-29-ga12c61a403 (webtiles) character file.

Game seed: 16939282418574077336

761 cdecastro the Shield-Bearer (level 7, -2/51 HPs)
             Began as a Gnoll Wanderer on June 20, 2023.
             Was an Initiate of Vehumet.
             Slain by an unseen horror (10 damage)
             ... on level 5 of the Dungeon.
             The game lasted 00:14:14 (5464 turns).

cdecastro the Shield-Bearer (Gnoll Wanderer)        Turns: 5464, Time: 00:14:15

Health: -2/51      AC:  4    Str:  9    XL:     7   Next: 80%
Magic:  13/13      EV: 13    Int: 13    God:    Vehumet [......]
Gold:   160        SH:  8    Dex: 14    Spells: 2/14 levels left

rFire   . . .        s - +2 dagger (venom)
rCold   . . .        e - +2 buckler
rNeg    . . .        d - +0 robe
rPois   .            A - +0 helmet
rElec   .            b - +0 cloak
rCorr   .            (no gloves)
SInv    .            (no boots)
Will    .....        (no amulet)
Stlth   ++           (no ring)
HPRegen 0.28/turn    (no ring)
MPRegen 0.13/turn

%: no passive effects
@: no status effects
A: fangs 1, strong nose, distributed training
a: Renounce Religion


You were on level 5 of the Dungeon.
You worshipped Vehumet.
Vehumet was noncommittal.
You visited 2 branches of the dungeon, and saw 6 of its levels.

You collected 160 gold pieces.

Inventory:

Hand Weapons
 s - a +2 dagger of venom (weapon)
Missiles
 j - 4 atropa-tipped darts
 l - 4 javelins
 t - a throwing net
 v - 3 poisoned darts
Armour
 b - a +0 cloak (worn)
 d - a +0 robe (worn)
 e - a +2 buckler (worn)
 A - a +0 helmet (worn)
 C - a +0 pair of gloves
Scrolls
 a - a scroll of blinking {unknown}
 g - a scroll of silence {unknown}
 k - 2 scrolls of identify {unknown}
 m - a scroll of torment {unknown}
 n - a scroll of magic mapping {unknown}
 p - 2 scrolls of fear {unknown}
 r - 2 scrolls of fog {unknown}
 u - a scroll of enchant weapon {unknown}
 y - a scroll of teleportation {unknown}
 z - a scroll of amnesia {unknown}
Potions
 c - 3 potions of attraction
 f - 4 potions of curing {unknown}
 h - 3 potions of heal wounds {unknown}
 i - a potion of mutation {unknown}
 o - a potion of berserk rage {unknown}
 q - 2 potions of resistance
 w - a potion of brilliance {unknown}
 x - a potion of degeneration {unknown}
 B - a potion of flight {unknown}


   Skills:
 + Level 2.8 Fighting
 + Level 2.8 Short Blades
 + Level 2.8 Long Blades
 + Level 2.8 Axes
 + Level 2.8 Maces & Flails
 + Level 2.8 Polearms
 + Level 2.8 Staves
 + Level 2.8 Ranged Weapons
 + Level 2.8 Throwing
 + Level 2.8 Armour
 + Level 5.4 Dodging
 + Level 2.8 Stealth
 + Level 7.2 Shields
 + Level 2.8 Unarmed Combat
 + Level 4.0 Spellcasting
 + Level 2.3 Conjurations
 + Level 2.3 Hexes
 + Level 2.3 Summonings
 + Level 2.3 Necromancy
 + Level 2.3 Translocations
 + Level 2.3 Transmutations
 + Level 2.3 Fire Magic
 + Level 2.3 Ice Magic
 + Level 2.3 Air Magic
 + Level 2.3 Earth Magic
 + Level 6.0 Poison Magic
 + Level 3.1 Invocations
 + Level 3.9 Evocations


You had 2 spell levels left.
You knew the following spells:

 Your Spells              Type           Power      Damage    Failure   Level
a - Sting                 Tmut/Pois      52%        1d5       4%          1
b - Beastly Appendage     Tmut           16%        N/A       11%         1
c - Spider Form           Tmut/Pois      13%        N/A       16%         3
d - Momentum Strike       Conj/Tloc      16%        3d8       16%         2
e - Blink                 Tloc           16%        N/A       16%         2
f - Mephitic Cloud        Conj/Pois/Air  11%        N/A       21%         3

Your spell library contained the following spells:

 Spells                   Type           Power      Damage    Failure   Level
 Lesser Beckoning         Tloc           16%        N/A       16%         2
 Wereblood                Tmut           8%         N/A       16%         2


Dungeon Overview and Level Annotations

Branches:
Dungeon (5/15)             Temple (1/1) D:4

Altars:
Ashenzari
Cheibriados
Dithmenos
Elyvilon
Fedhas
Gozag
Hepliaklqana
Kikubaaqudgha
Makhleb
Nemelex Xobeh
Okawaru
Qazlal
Ru
Sif Muna
Uskayaw
Vehumet
Wu Jian
Xom
Yredelemnul
Zin
The Shining One

Shops:
D:2 [

Annotations:
D:4 ogre


Innate Abilities, Weirdness & Mutations

You have very sharp teeth.
Your uncanny sense of smell can sniff out nearby items.
Your experience applies equally to all skills.


Message History

You kill the iguana!
Vehumet accepts your kill.
Your Poison Magic skill increases to level 6!
Unknown command.
Your transformation is almost over.
Your horns disappear.
Your talons disappear.
Your +0 helmet unmelds from your body.
Magic restored.
You see here an iguana corpse.
Key pressed, stopping explore.
Found a stone staircase leading down.
There is a stone staircase leading down here.
There is a stone staircase leading down here.
C - a +0 pair of gloves
Found a stone staircase leading down.
r - 2 scrolls labelled JOEDDE ENOIW (gained 1)
Found a robe.
There is a strange disturbance nearby!
There is a strange disturbance nearby!
There is a strange disturbance nearby!
There is a strange disturbance nearby!
There is a strange disturbance nearby!
Something hits you.
Deactivating autopickup; reactivate with Ctrl-A.
Something hits you. x2
Something barely misses you. Something barely misses you.
You block something's attack. You block something's attack.
You block something's attack. Something hits you! x2
* * * LOW HITPOINT WARNING * * *
Something hits you but does no damage. Something barely misses you.
Something hits you.
* * * LOW HITPOINT WARNING * * *
Something hits you.
* * * LOW HITPOINT WARNING * * *
Something hits you!
* * * LOW HITPOINT WARNING * * *
Something hits you!
You die...

∆ #....................... ..
##....##................. ..#
#..##.##................. ...##
#..##...................#
.....####........................
.#.............#.................
.##........####........#)........
............####.................
........##......@................
.......#####....###..............
.......### ##.### #...<##........
...[#....## #.# #...Y#...#.....
..........###.# ##..##.##.#....
..............# #...## ##...##
#.###.........# ##.## ..#.# ..
#..#####..# ##.# ...# #..#
##..#####..######..


There were no monsters in sight!

Vanquished Creatures
  Pikel (D:5)
  A lemure (D:5)
  A scorpion (D:4)
  An orc priest (D:5)
  Jessica (D:3)
  3 iguanas
  5 gnolls
  4 adders
  An ufetubus (D:4)
  A worm (D:3)
  2 dart slugs
  9 orcs
  6 ball pythons
  5 bats
  5 endoplasms
  A giant cockroach (D:3)
  5 goblins
  7 hobgoblins
  9 jackals
  4 kobolds
  6 quokkas
  2 frilled lizards (D:2)
  6 rats
86 creatures vanquished.

Notes
Turn   | Place    | Note
-------+----------+-------------------------------------------
     0 | D:1      | cdecastro the Gnoll Wanderer began the quest for the Orb.
     0 | D:1      | cdecastro set off with the following items: a +0 dagger, a
                  | +0 cloak, a potion of attraction, a +0 robe, a +2 buckler;
                  | and the following spell memorised: Sting; and the following
                  | spells available to memorise: Mephitic Cloud.
     0 | D:1      | Reached XP level 1. HP: 13/13 MP: 4/4
   155 | D:1      | Reached XP level 2. HP: 19/19 MP: 3/5
   905 | D:1      | Reached XP level 3. HP: 25/25 MP: 4/7
  1355 | D:2      | Reached skill level 1 in Invocations
  1431 | D:2      | Found Fainulla's Antique Armour Shoppe.
  1457 | D:2      | Reached skill level 1 in Fighting
  1457 | D:2      | Reached skill level 1 in Short Blades
  1457 | D:2      | Reached skill level 1 in Long Blades
  1457 | D:2      | Reached skill level 1 in Axes
  1457 | D:2      | Reached skill level 1 in Maces & Flails
  1457 | D:2      | Reached skill level 1 in Polearms
  1457 | D:2      | Reached skill level 1 in Staves
  1457 | D:2      | Reached skill level 1 in Ranged Weapons
  1457 | D:2      | Reached skill level 1 in Throwing
  1457 | D:2      | Reached skill level 1 in Armour
  1457 | D:2      | Reached skill level 1 in Stealth
  1457 | D:2      | Reached skill level 1 in Unarmed Combat
  1676 | D:2      | Reached XP level 4. HP: 12/32 MP: 5/8
  2229 | D:3      | Found a faded altar of an unknown god.
  2327 | D:3      | Noticed Jessica
  2340 | D:3      | Killed Jessica
  2341 | D:3      | Reached skill level 1 in Conjurations
  2341 | D:3      | Reached skill level 1 in Hexes
  2341 | D:3      | Reached skill level 1 in Summonings
  2341 | D:3      | Reached skill level 1 in Necromancy
  2341 | D:3      | Reached skill level 1 in Translocations
  2341 | D:3      | Reached skill level 1 in Transmutations
  2341 | D:3      | Reached skill level 1 in Fire Magic
  2341 | D:3      | Reached skill level 1 in Ice Magic
  2341 | D:3      | Reached skill level 1 in Air Magic
  2341 | D:3      | Reached skill level 1 in Earth Magic
  2655 | D:3      | Reached XP level 5. HP: 33/37 MP: 7/9
  3225 | D:4      | Found a staircase to the Ecumenical Temple.
  3250 | Temple   | Entered the Ecumenical Temple
  3521 | Temple   | Became a worshipper of Vehumet
  3564 | D:4      | Noticed an ogre
  3773 | D:4      | Reached XP level 6. HP: 37/44 MP: 5/11
  3937 | D:4      | Reached skill level 5 in Dodging
  4073 | D:5      | Entered Level 5 of the Dungeon
  4163 | D:5      | Noticed an ice beast
  4409 | D:5      | Learned a level 1 spell: Beastly Appendage
  4413 | D:5      | Learned a level 3 spell: Spider Form
  4525 | D:5      | Noticed Pikel
  4861 | D:5      | Killed Pikel
  4862 | D:5      | Reached skill level 7 in Shields
  4862 | D:5      | Reached XP level 7. HP: 9/51 MP: 7/13
  5019 | D:5      | Learned a level 2 spell: Momentum Strike
  5022 | D:5      | Learned a level 2 spell: Blink
  5026 | D:5      | Learned a level 3 spell: Mephitic Cloud
  5464 | D:5      | Slain by an unseen horror

Illustrated notes

Levels and vault maps discovered:
D:1:      scummos_arrival_hexagon, layout_basic, serial_corexii_hall,
          corexii_hall_statues_u, chequers_hall_statues_y,
          kennysheep_another_room, nrook_uturn
D:2:      layout_loops_ring, serial_shops, shop, minmay_hexomino_f4
D:3:      minmay_evil_eye, layout_basic,
          dreamdust_ecumenical_altar_hidden_monk_grotto, uniq_jessica
D:4:      layout_basic, temple_green, uniq_duvessa, uniq_crazy_yiuf_cottage,
          uniq_blork_the_orc
D:5:      layout_layer_cave, uniq_pikel
Temple:   mainiacjoe_temple_hex_bubbles

Skill      XL: |  1  2  3  4  5  6  7 |
---------------+----------------------+-----
Invocations    | 1 2 3 |  3.1
Fighting       | 1 2 |  2.8
Short Blades   | 1 2 |  2.8
Long Blades    | 1 2 |  2.8
Axes           | 1 2 |  2.8
Maces & Flails | 1 2 |  2.8
Polearms       | 1 2 |  2.8
Staves         | 1 2 |  2.8
Ranged Weapons | 1 2 |  2.8
Throwing       | 1 2 |  2.8
Armour         | 1 2 |  2.8
Stealth        | 1 2 |  2.8
Unarmed Combat | 1 2 |  2.8
Spellcasting   | 3 4 |  4.0
Conjurations   | 1 2 |  2.3
Hexes          | 1 2 |  2.3
Summonings     | 1 2 |  2.3
Necromancy     | 1 2 |  2.3
Translocations | 1 2 |  2.3
Transmutations | 1 2 |  2.3
Fire Magic     | 1 2 |  2.3
Ice Magic      | 1 2 |  2.3
Air Magic      | 1 2 |  2.3
Earth Magic    | 1 2 |  2.3
Evocations     | 3 |  3.9
Dodging        | 5 |  5.4
Shields        | 7 |  7.2
Poison Magic   | 6 |  6.0

Action                     |  1- 3 |  4- 6 |  7- 9 || total
---------------------------+-------+-------+-------++-------
  Melee: Dagger            |    86 |    84 |     2 ||   172
         Bite              |     7 |     6 |       ||    13
         Kick              |       |     2 |       ||     2
         Headbutt          |       |     1 |       ||     1
   Cast: Sting             |    48 |    95 |     4 ||   147
         Beastly Appendage |       |     2 |     1 ||     3
 Armour: Robe              |    19 |    13 |     2 ||    34
  Dodge: Dodged            |    62 |    48 |     4 ||   114
  Block: Buckler           |    46 |    29 |     3 ||    78
